[Event "1st Gujarat GM Open 2018"]
[Site "Ahmedabad"]
[Date "2018.10.07"]
[Round "4"]
[White "Ter-Sahakyan, Samvel"]
[Black "Thipsay, Praveen M"]
[Result "1-0"]
[ECO "C99"]
[WhiteElo "2547"]
[BlackElo "2410"]
[Annotator "ChessBase"]
[PlyCount "95"]
[EventDate "2018.10.05"]
[EventType "swiss"]
[EventCountry "IND"]
[SourceTitle "playchess.com"]
[Source "ChessBase"]
[SourceQuality "1"]
[TimeControl "5400+30"]

1. e4 e5 2. Nf3 Nc6 3. Bb5 a6 4. Ba4 Nf6 5. O-O Be7 6. Re1 b5 7. Bb3 d6 8. c3 O-O 9. h3 Na5 10. Bc2 c5 11. d4 Qc7 12. Nbd2 cxd4 13. cxd4 Nc6 14. Nb3 a5 15. Be3 a4 16. Nbd2 Bd7 17. a3 Rfc8 18. Bd3 Qb7 19. Qe2 b4 20. Nc4 exd4 21. Bf4 Ne8 22. e5 d5 23. Nd6 Nxd6 24. exd6 Bf8 25. Ng5 h6 26. Qh5 Be8 27. Nh7 Bd7 28. Ng5 Be8 29. Bh7+ Kh8 30. Bf5 g6 31. Bxc8 Rxc8 32. Qh4 Kg8 33. Nf3 g5 34. Qg3 Bg7 35. Be5 Nxe5 36. Nxe5 Rd8 37. axb4 Bb5 38. Rac1 Qa6 39. Nxf7 Rd7 40. Rc7 d3 41. Qf3 Rxc7 42. dxc7 d2 43. Re7 Be2 44. Re8+ Kh7 45. Qf5+ Qg6 46. c8=Q d1=Q+ 47. Kh2 Qd4 48. Rxe2 1-0

[Event "1st Gujarat GM Open 2018"]
[Site "Ahmedabad"]
[Date "2018.10.07"]
[Round "4"]
[White "Stany, G.A."]
[Black "Raghunandan, Kaumandur Srihari"]
[Result "1-0"]
[ECO "B90"]
[WhiteElo "2502"]
[BlackElo "2394"]
[Annotator "ChessBase"]
[PlyCount "83"]
[EventDate "2018.10.05"]
[EventType "swiss"]
[EventCountry "IND"]
[SourceTitle "playchess.com"]
[Source "ChessBase"]
[SourceQuality "1"]
[TimeControl "5400+30"]

1. e4 c5 2. Nf3 d6 3. d4 cxd4 4. Nxd4 Nf6 5. Nc3 a6 6. Be3 e5 7. Nb3 Be6 8. f3 h5 9. Qd2 Be7 10. Be2 Nbd7 11. Nd5 Nxd5 12. exd5 Bf5 13. O-O O-O 14. c4 Bg6 15. Na5 Qc7 16. b4 b6 17. Nc6 Bf6 18. Rac1 Rfe8 19. Bd1 a5 20. bxa5 bxa5 21. Ba4 Bf5 22. Bb5 Rec8 23. a4 Kh7 24. g4 Bg6 25. h3 Nb8 26. c5 dxc5 27. d6 Qb7 28. Nxb8 Raxb8 29. d7 Rc7 30. Rxc5 Be7 31. Rxe5 Rc2 32. Qd5 Qc7 33. gxh5 Bf5 34. Bf2 Rd2 35. Qxd2 Qxe5 36. Re1 Qf6 37. Qf4 Bd6 38. Qh4 Qc3 39. d8=Q Rxd8 40. Qxd8 Qd2 41. Re8 Qc1+ 42. Bf1 1-0

[Event "1st Gujarat GM Open 2018"]
[Site "Ahmedabad"]
[Date "2018.10.07"]
[Round "4"]
[White "Babujian, Levon"]
[Black "Popov, Ivan"]
[Result "1-0"]
[ECO "D20"]
[WhiteElo "2456"]
[BlackElo "2611"]
[Annotator "ChessBase"]
[PlyCount "105"]
[EventDate "2018.10.05"]
[EventType "swiss"]
[EventCountry "IND"]
[SourceTitle "playchess.com"]
[Source "ChessBase"]
[SourceQuality "1"]
[TimeControl "5400+30"]

1. d4 d5 2. c4 dxc4 3. e4 Nf6 4. e5 Nd5 5. Bxc4 Nb6 6. Bb3 Bf5 7. Nf3 e6 8. Nc3 Nc6 9. O-O Nb4 10. Bg5 Qd7 11. a3 N4d5 12. Nh4 h6 13. Nxf5 hxg5 14. Ne3 c6 15. Ncxd5 Nxd5 16. Nxd5 exd5 17. Bc2 O-O-O 18. Qd2 f6 19. Rfe1 fxe5 20. dxe5 Be7 21. h3 Rh4 22. Bd1 Rdh8 23. e6 Qd6 24. Bg4 Qf4 25. Qe2 R4h6 26. Rad1 Rf6 27. b4 Rhf8 28. Rd2 Qd6 29. Qe3 Kb8 30. Qd3 Rd8 31. Rde2 Rdf8 32. Rb1 Rf4 33. Qg6 Bf6 34. g3 Rc4 35. Rb3 Qe7 36. Rf3 Rc3 37. Kg2 Rxf3 38. Bxf3 Rd8 39. Qf5 d4 40. Be4 Rd6 41. Bd3 Rd5 42. Qg6 Re5 43. Rxe5 Bxe5 44. Qf7 Bf6 45. Kf3 Kc7 46. Ke4 Kd6 47. Kf5 g6+ 48. Kxg6 Be5 49. Qxe7+ Kxe7 50. Kxg5 Kxe6 51. Kg6 Ke7 52. h4 Kf8 53. h5 1-0

[Event "1st Gujarat GM Open 2018"]
[Site "Ahmedabad"]
[Date "2018.10.07"]
[Round "4"]
[White "Kasparov, Sergey"]
[Black "Navalgund, Niranjan"]
[Result "1/2-1/2"]
[ECO "C77"]
[WhiteElo "2453"]
[BlackElo "2245"]
[Annotator "ChessBase"]
[PlyCount "119"]
[EventDate "2018.10.05"]
[EventType "swiss"]
[EventCountry "IND"]
[SourceTitle "playchess.com"]
[Source "ChessBase"]
[SourceQuality "1"]
[TimeControl "5400+30"]

1. e4 e5 2. Nf3 Nc6 3. Bb5 a6 4. Ba4 Nf6 5. Bxc6 dxc6 6. d3 Bd6 7. Nbd2 c5 8. Nc4 Nd7 9. O-O O-O 10. b3 f6 11. Nh4 Rf7 12. Nf5 Nb8 13. Nfxd6 cxd6 14. f4 b5 15. Ne3 exf4 16. Rxf4 Be6 17. c4 Nc6 18. Bb2 Qd7 19. Qd2 f5 20. exf5 Bxf5 21. Raf1 Raf8 22. d4 cxd4 23. Bxd4 Be6 24. Rxf7 Rxf7 25. Rxf7 Qxf7 26. cxb5 axb5 27. Qc3 Bd7 28. Nf1 Qg6 29. Bf2 Qe4 30. h3 Qe5 31. Qd2 d5 32. Ng3 Nd8 33. Ne2 Ne6 34. Bg3 Qf5 35. Nd4 Nxd4 36. Qxd4 Qe4 37. Qa7 Bc6 38. Qb8+ Qe8 39. Qb6 Bd7 40. Bf2 Bc6 41. Bd4 h6 42. Qc7 Qd7 43. Qe5 Qf7 44. Kh2 Kh7 45. g4 Qg6 46. Kg3 Qd3+ 47. Kf2 Qd2+ 48. Kf3 Qd3+ 49. Qe3 Qxe3+ 50. Kxe3 g5 51. Kd2 h5 52. Kc3 hxg4 53. hxg4 Kg6 54. Kb4 Kf7 55. Kc5 Bd7 56. a3 Ke7 57. b4 Kf7 58. Be3 Kf6 59. Bd4+ Kf7 60. Be3 1/2-1/2

[Event "1st Gujarat GM Open 2018"]
[Site "Ahmedabad"]
[Date "2018.10.07"]
[Round "4"]
[White "Neelotpal, Das"]
[Black "Matta, Vinay Kumar"]
[Result "1-0"]
[ECO "C86"]
[WhiteElo "2436"]
[BlackElo "2129"]
[Annotator "NA"]
[PlyCount "71"]
[EventDate "2018.10.05"]
[EventType "swiss"]
[EventCountry "IND"]
[SourceTitle "playchess.com"]
[Source "ChessBase"]
[SourceQuality "1"]
[TimeControl "5400+30"]

1. e4 e5 2. Nf3 Nc6 3. Bb5 a6 4. Ba4 Nf6 5. O-O Be7 6. Qe2 b5 7. Bb3 O-O 8. c3 d5 9. d3 dxe4 {[%emt 0:00:35] C86: Closed Ruy Lopez: Worrall Attack} (9... Re8 10. Rd1 Be6 11. Nbd2 h6 12. Nf1 Bf8 13. Ng3 d4 14. Bxe6 Rxe6 15. Nf5 Ne8 16. a4 Rb8 17. axb5 axb5 {0-1 (66) Bacrot,E (2725)-Aronian,L (2805) Riadh 2017}) 10. dxe4 Be6 11. Rd1 Bd6 12. Bg5 Qe7 $146 ({Predecessor:} 12... Bxb3 13. axb3 h6 14. Bh4 Qe7 15. Bxf6 Qxf6 16. Nbd2 Nd8 17. Nf1 {1-0 (61) Lilienthal,A-Szigeti,M Budapest 1932}) 13. Nbd2 Na5 14. Bxe6 Qxe6 15. b4 Nb7 16. a4 c6 17. Nh4 h6 18. Be3 Rfe8 19. Nf5 Bf8 20. f3 Kh7 21. Rdb1 g6 22. Ng3 h5 23. c4 a5 $11 24. cxb5 Bxb4 25. b6 c5 26. Nc4 Nd7 27. Rd1 Nxb6 28. Nxb6 Qxb6 29. Rd7 Kg8 30. Qa2 Nd8 31. Rad1 Ne6 32. R1d6 Qb8 33. Nf5 gxf5 34. exf5 Qc8 35. fxe6 Rxe6 36. Qd5 1-0

[Event "1st Gujarat GM Open 2018"]
[Site "Ahmedabad"]
[Date "2018.10.07"]
[Round "4"]
[White "Bakunts, Rafael"]
[Black "Bhambure, Shantanu"]
[Result "1-0"]
[ECO "C95"]
[WhiteElo "2427"]
[BlackElo "2243"]
[Annotator "ChessBase"]
[PlyCount "79"]
[EventDate "2018.10.05"]
[EventType "swiss"]
[EventCountry "IND"]
[SourceTitle "playchess.com"]
[Source "ChessBase"]
[SourceQuality "1"]
[TimeControl "5400+30"]

1. e4 e5 2. Nf3 Nc6 3. Bb5 a6 4. Ba4 Nf6 5. O-O Be7 6. Re1 b5 7. Bb3 d6 8. c3 O-O 9. h3 Nb8 10. d4 Nbd7 11. Nbd2 Bb7 12. Bc2 Re8 13. Nf1 Bf8 14. Ng3 g6 15. Bg5 h6 16. Bd2 exd4 17. cxd4 c5 18. d5 Bg7 19. a4 Nb6 20. b3 Nfd7 21. Ra2 c4 22. a5 cxb3 23. Bxb3 Nc8 24. Bb4 Nc5 25. Bc2 Ne7 26. h4 Qc7 27. h5 g5 28. Ra3 Rad8 29. Rae3 Bc8 30. Qc1 Bg4 31. e5 dxe5 32. Bxc5 Nxd5 33. Bb6 Qc8 34. Bxd8 Nxe3 35. Qxe3 Qxc2 36. Bb6 f5 37. Nd4 Qc8 38. Rc1 Qd7 39. Qb3+ Kh8 40. Rc7 1-0

[Event "1st Gujarat GM Open 2018"]
[Site "Ahmedabad"]
[Date "2018.10.07"]
[Round "4"]
[White "Akash G"]
[Black "Sivuk, Vitaly"]
[Result "1-0"]
[ECO "A48"]
[WhiteElo "2424"]
[BlackElo "2545"]
[Annotator "ChessBase"]
[PlyCount "98"]
[EventDate "2018.10.05"]
[EventType "swiss"]
[EventCountry "IND"]
[SourceTitle "playchess.com"]
[Source "ChessBase"]
[SourceQuality "1"]
[TimeControl "5400+30"]

1. Nf3 Nf6 2. d4 g6 3. Bg5 Bg7 4. Nbd2 O-O 5. c3 h6 6. Bh4 d6 7. e4 c5 8. dxc5 dxc5 9. Bc4 Nc6 10. O-O Nh5 11. Qe2 Qc7 12. Qe3 Na5 13. e5 Nxc4 14. Nxc4 Re8 15. Ncd2 b6 16. h3 Bb7 17. g4 Nf6 18. Bg3 Nd5 19. Qe2 Qc6 20. Kh2 Rad8 21. Ne1 Rf8 22. f4 f5 23. Ng2 Nxc3 24. bxc3 Qxg2+ 25. Qxg2 Bxg2 26. Kxg2 Rxd2+ 27. Rf2 Rxf2+ 28. Kxf2 fxg4 29. Ke3 Bxe5 30. fxe5 Rf3+ 31. Ke4 Rxg3 32. hxg4 Kf7 33. Kd5 Rd3+ 34. Kc4 Rd2 35. a4 Ke6 36. Rh1 Rg2 37. Rxh6 Rxg4+ 38. Kb5 Kxe5 39. a5 bxa5 40. Kxc5 a4 41. c4 Rg3 42. Rh8 Rb3 43. Ra8 Rb7 44. Kc6 Rb6+ 45. Kd7 Ra6 46. c5 Kd5 47. c6 Rxc6 48. Rxa7 e5 49. Rxa4 Rb6 1-0

[Event "1st Gujarat GM Open 2018"]
[Site "Ahmedabad"]
[Date "2018.10.07"]
[Round "4"]
[White "Fenil, Shah"]
[Black "Nandhidhaa, P V"]
[Result "0-1"]
[ECO "B47"]
[WhiteElo "2411"]
[BlackElo "2212"]
[Annotator "ChessBase"]
[PlyCount "122"]
[EventDate "2018.10.05"]
[EventType "swiss"]
[EventCountry "IND"]
[SourceTitle "playchess.com"]
[Source "ChessBase"]
[SourceQuality "1"]
[TimeControl "5400+30"]

1. e4 c5 2. Nf3 e6 3. d4 cxd4 4. Nxd4 Nc6 5. Nc3 Qc7 6. Qd3 Nf6 7. Ndb5 Qb8 8. Qg3 d6 9. Be3 a6 10. Nd4 Bd7 11. Bd3 b5 12. f4 b4 13. Nb1 g6 14. Qf3 Bg7 15. Nd2 Qc7 16. N2b3 O-O 17. O-O Nxd4 18. Bxd4 a5 19. e5 Bc6 20. Qe2 dxe5 21. fxe5 Nd7 22. Rae1 Bd5 23. Nd2 Rac8 24. b3 Nc5 25. Bc4 a4 26. Qe3 axb3 27. axb3 Bb7 28. Rf2 Nd7 29. Nf3 Bxf3 30. Rxf3 Nb8 31. Bb6 Qb7 32. Bc5 Rfd8 33. Ref1 Rd7 34. Rxf7 Rxf7 35. Bxe6 Rcc7 36. Bd6 Rcd7 37. Qf4 Nc6 38. Bd5 Qa7+ 39. Qf2 Qxf2+ 40. Rxf2 Nxe5 41. Bxf7+ Nxf7 42. Bc5 Bd4 43. Bxd4 Rxd4 44. Re2 Kg7 45. Kf2 Kf6 46. Ke3 Rd7 47. Rf2+ Ke6 48. Rf4 Rb7 49. Rc4 Nd6 50. Rc5 Rf7 51. c3 bxc3 52. Rxc3 Rf1 53. Rc7 h5 54. Rc3 Rb1 55. Kf4 Rf1+ 56. Ke3 Rg1 57. Kf3 Rd1 58. g4 h4 59. g5 Rd4 60. Rc7 Rb4 61. Rc3 Ne4 0-1

[Event "1st Gujarat GM Open 2018"]
[Site "Ahmedabad"]
[Date "2018.10.07"]
[Round "4"]
[White "Rahul Srivatshav P"]
[Black "Swati Ghate"]
[Result "1-0"]
[ECO "E45"]
[WhiteElo "2395"]
[BlackElo "2215"]
[Annotator "NA"]
[PlyCount "69"]
[EventDate "2018.10.05"]
[EventType "swiss"]
[EventCountry "IND"]
[SourceTitle "playchess.com"]
[Source "ChessBase"]
[SourceQuality "1"]
[TimeControl "5400+30"]

1. d4 Nf6 2. c4 e6 3. Nc3 Bb4 4. e3 b6 5. Nge2 Ba6 6. a3 Be7 7. Ng3 d5 8. Be2 dxc4 9. Bf3 c6 10. e4 Nbd7 11. e5 Nd5 12. Be4 b5 13. Nh5 Bf8 14. Qg4 g6 15. Nf4 N7b6 16. h4 Qd7 17. h5 Rg8 18. hxg6 hxg6 19. Bc2 O-O-O 20. Ne4 Be7 21. Rh7 Nxf4 22. Bxf4 Rdf8 23. Bg5 Rh8 24. Rxh8 Rxh8 25. Ke2 Bxg5 26. Qxg5 Qxd4 27. Qf6 Rf8 28. Qe7 Nd7 29. Rd1 Qxb2 30. Qxd7+ Kb8 31. Qd6+ Kb7 32. Nc5+ Kb6 33. Qxf8 Qxc2+ 34. Rd2 Qc3 35. Qb8+ 1-0

[Event "1st Gujarat GM Open 2018"]
[Site "Ahmedabad"]
[Date "2018.10.07"]
[Round "4"]
[White "Rakesh Kumar Jena"]
[Black "Harshini A"]
[Result "1-0"]
[ECO "A48"]
[WhiteElo "2388"]
[BlackElo "2126"]
[Annotator "NA"]
[PlyCount "78"]
[EventDate "2018.10.05"]
[EventType "swiss"]
[EventCountry "IND"]
[SourceTitle "playchess.com"]
[Source "ChessBase"]
[SourceQuality "1"]
[TimeControl "5400+30"]

1. Nf3 Nf6 2. d4 g6 3. Bg5 Ne4 4. Bf4 Bg7 5. Nbd2 d5 6. e3 Nxd2 7. Qxd2 c6 8. Bd3 Nd7 9. c3 Nf6 10. Qe2 Bg4 11. h3 Bxf3 12. Qxf3 Qb6 13. Rb1 Rc8 14. Be5 Qa5 15. a3 Nh5 16. Bh2 Nf6 17. O-O O-O 18. Be5 Nd7 19. Bxg7 Kxg7 20. Qg3 Qc7 21. f4 c5 22. Qf3 Nf6 23. g4 e6 $11 24. Kh1 h5 25. Kg2 Rh8 26. Rh1 cxd4 27. exd4 Qb6 28. g5 Ne8 29. Qe3 Nd6 30. Rhe1 Rhe8 31. Re2 Qc7 32. Rf1 Qd7 33. Qe5+ Kg8 34. Rfe1 Qd8 35. Kh2 Qc7 36. Qf6 Nf5 37. Re5 Qd7 38. Bxf5 exf5 39. Re7 Qd8 1-0

[Event "1st Gujarat GM Open 2018"]
[Site "Ahmedabad"]
[Date "2018.10.07"]
[Round "4"]
[White "Sai Agni Jeevitesh, J."]
[Black "Mahindrakar Indrajeet"]
[Result "1/2-1/2"]
[ECO "A50"]
[WhiteElo "2362"]
[BlackElo "2107"]
[Annotator "NA"]
[PlyCount "159"]
[EventDate "2018.10.05"]
[EventType "swiss"]
[EventCountry "IND"]
[SourceTitle "playchess.com"]
[Source "ChessBase"]
[SourceQuality "1"]
[TimeControl "5400+30"]

1. d4 Nf6 2. c4 Nc6 3. Nc3 e5 4. d5 Ne7 5. h4 h5 6. Nf3 Ng6 7. Bg5 Be7 8. e3 O-O 9. Bd3 d6 10. Qc2 Qe8 11. Nb5 Bd8 12. Bxf6 gxf6 13. Bf5 Bd7 14. Rg1 Kg7 15. g4 Rh8 16. O-O-O hxg4 17. Rxg4 Rh5 18. e4 Bxf5 19. exf5 Qd7 20. Rdg1 Qxf5 21. Qe2 Rh7 22. Nc3 Qh5 23. Nd1 f5 24. Rg5 Bxg5+ 25. Rxg5 Qh6 26. Ne3 Kh8 27. Nxf5 Nf4 28. Qe4 Qf6 29. Kd2 Rg8 30. Rxg8+ Kxg8 31. Ng5 Rxh4 32. Nxh4 Qxg5 33. Nf3 Qg2 34. Qe3 Qf1 35. Kc3 Qb1 36. a4 Qd1 37. a5 a6 38. Nd2 Qc1+ 39. Kb3 Kf8 40. Nf3 Qa1 41. Qd2 Qb1 42. Ne1 Ke7 43. Ng2 Nxg2 44. Qg5+ Kf8 45. Qxg2 Qd1+ 46. Kb4 Qd2+ 47. Kb3 Qxa5 48. Qg5 c5 49. dxc6 Qb6+ 50. Ka2 bxc6 51. Qh6+ Ke7 52. Qg5+ Ke8 53. Qg8+ Ke7 54. Qg5+ Kd7 55. Qf6 Qa5+ 56. Kb3 Qb6+ 57. Ka2 Qc7 58. Qxf7+ Kc8 59. Qe8+ Kb7 60. b4 Ka7 61. Kb3 Kb7 62. Qe6 Qd8 63. Qf7+ Kb6 64. Qe6 Qf8 65. Qd7 Qf3+ 66. Ka4 Qd1+ 67. Ka3 Qd3+ 68. Ka4 Qc2+ 69. Ka3 Qc1+ 70. Kb3 Qb1+ 71. Kc3 Qe1+ 72. Kb3 Qd1+ 73. Ka3 Qd3+ 74. Ka4 Qc2+ 75. Ka3 Qc3+ 76. Ka4 Qa1+ 77. Kb3 Qb1+ 78. Ka3 Qd3+ 79. Ka4 Qd1+ 80. Ka3 1/2-1/2

[Event "1st Gujarat GM Open 2018"]
[Site "Ahmedabad"]
[Date "2018.10.07"]
[Round "4"]
[White "Sai Agni Jeevitesh, J."]
[Black "Mahindrakar Indrajeet"]
[Result "*"]
[ECO "B12"]
[WhiteElo "2362"]
[BlackElo "2107"]
[Annotator "NA"]
[PlyCount "67"]
[EventDate "2018.10.05"]
[EventType "swiss"]
[EventCountry "IND"]
[SourceTitle "playchess.com"]
[Source "ChessBase"]
[SourceQuality "1"]
[TimeControl "5400+30"]

1. e4 c6 2. d4 d5 3. e5 c5 4. dxc5 e6 5. a3 Bxc5 6. Qg4 g6 7. Bd3 Nc6 8. Nf3 Qc7 9. Qg3 Bf8 10. O-O Bg7 11. Re1 Nge7 12. Nc3 a6 13. Bg5 Ng8 14. Rad1 h6 15. Bf6 Kf8 16. Bxg7+ Kxg7 17. Ne2 Nce7 18. Nf4 Rh7 19. h4 Kh8 20. h5 g5 21. Bxh7 gxf4 22. Qxf4 Kxh7 23. Qxf7+ Kh8 24. Nh4 Qd8 25. Rd4 Bd7 26. Rg4 Qf8 27. Rxg8+ Qxg8 28. Qxe7 Qg7 29. Ng6+ Kh7 30. Qb4 Bc6 31. Re3 Rg8 32. Rg3 Qf7 33. Rf3 Qg7 34. Rf6 *

[Event "1st Gujarat GM Open 2018"]
[Site "Ahmedabad"]
[Date "2018.10.07"]
[Round "4"]
[White "Siva Mahadevan"]
[Black "Lalith Babu M R"]
[Result "0-1"]
[ECO "B12"]
[WhiteElo "2341"]
[BlackElo "2518"]
[Annotator "ChessBase"]
[PlyCount "80"]
[EventDate "2018.10.05"]
[EventType "swiss"]
[EventCountry "IND"]
[SourceTitle "playchess.com"]
[Source "ChessBase"]
[SourceQuality "1"]
[TimeControl "5400+30"]

1. e4 c6 2. d4 d5 3. e5 Bf5 4. h4 h5 5. c4 e6 6. Nc3 Ne7 7. Nge2 Nd7 8. Bg5 Qb6 9. Qd2 dxc4 10. Ng3 Bg6 11. Bxc4 Rd8 12. Be3 Qb4 13. Qe2 Nb6 14. Bd3 Bxd3 15. Qxd3 Ng6 16. Qe2 Be7 17. Nxh5 Rxh5 18. Qxh5 Qxb2 19. Rc1 Bb4 20. O-O Bxc3 21. Qh7 Bxd4 22. Rcd1 Rd5 23. h5 Nf8 24. Bxd4 Qxd4 25. Qxg7 Qxe5 26. h6 Qf5 27. Rfe1 Qg6 28. Rxd5 Nxd5 29. Re5 Nf6 30. Rg5 Qb1+ 31. Kh2 Ke7 32. Rg3 Qxa2 33. Rf3 Qb2 34. g4 Qe5+ 35. Kg1 N8h7 36. Rxf6 Nxf6 37. h7 Qe1+ 38. Kh2 Qxf2+ 39. Kh3 Qf3+ 40. Kh2 Qe2+ 0-1

[Event "1st Gujarat GM Open 2018"]
[Site "Ahmedabad"]
[Date "2018.10.07"]
[Round "4"]
[White "Saurabh Anand"]
[Black "Srihari L R"]
[Result "0-1"]
[ECO "B07"]
[WhiteElo "2303"]
[BlackElo "2170"]
[Annotator "NA"]
[PlyCount "64"]
[EventDate "2018.10.05"]
[EventType "swiss"]
[EventCountry "IND"]
[SourceTitle "playchess.com"]
[Source "ChessBase"]
[SourceQuality "1"]
[TimeControl "5400+30"]

1. e4 d6 2. d4 Nf6 3. Nc3 c6 4. f4 Qa5 5. Bd3 e5 6. Nf3 Bg4 7. Be3 Nbd7 8. O-O Be7 9. h3 Bxf3 10. Qxf3 O-O 11. a3 Qc7 12. Ne2 Rfe8 13. g4 exd4 14. Nxd4 g6 15. g5 Nh5 16. f5 Ne5 17. Qf2 Nxd3 18. cxd3 Bf8 19. Rae1 d5 20. exd5 cxd5 21. Kg2 Qd7 22. Qf3 Rac8 23. Bf2 Bd6 24. Rxe8+ Rxe8 25. Re1 Rxe1 26. Bxe1 Qe7 27. Bd2 Qe5 28. Bc3 Qh2+ 29. Kf1 Bf4 30. Ne2 Bxg5 31. fxg6 hxg6 32. Qxd5 Qxe2+ 0-1

[Event "1st Gujarat GM Open 2018"]
[Site "Ahmedabad"]
[Date "2018.10.07"]
[Round "4"]
[White "Raahul V S"]
[Black "Predke, Alexandr"]
[Result "0-1"]
[ECO "A28"]
[WhiteElo "2294"]
[BlackElo "2615"]
[Annotator "RC"]
[PlyCount "72"]
[EventDate "2018.10.05"]
[EventType "swiss"]
[EventCountry "IND"]
[SourceTitle "playchess.com"]
[Source "ChessBase"]
[SourceQuality "1"]
[TimeControl "5400+30"]

1. c4 e5 2. Nc3 Nf6 3. Nf3 Nc6 4. e3 Bb4 5. Qc2 Bxc3 6. Qxc3 Qe7 7. d4 Ne4 8. Qd3 exd4 9. Nxd4 Nc5 10. Qd2 Nxd4 11. Qxd4 O-O 12. Be2 b6 13. Bf3 Bb7 14. Bxb7 Nxb7 15. O-O Nc5 16. b3 d6 17. Bb2 f5 18. Rfe1 a5 19. f3 Rae8 20. Rad1 Rf7 21. Ba3 Ne6 22. Qd2 Qg5 23. e4 Nf4 24. e5 Rfe7 25. g3 Rxe5 26. Rxe5 dxe5 27. Qd7 Qg6 28. Qxc7 Ne2+ 29. Kg2 e4 30. Bb2 exf3+ 31. Kf2 f4 32. Rd8 Nd4 33. Rxd4 Qc2+ 34. Kxf3 Qe2+ 35. Kxf4 Rf8+ 36. Kg5 h6+ 0-1

[Event "1st Gujarat GM Open 2018"]
[Site "Ahmedabad"]
[Date "2018.10.07"]
[Round "4"]
[White "Aaryan Varshney"]
[Black "Shahil Dey"]
[Result "1/2-1/2"]
[ECO "D47"]
[WhiteElo "2286"]
[BlackElo "2063"]
[Annotator "NA"]
[PlyCount "93"]
[EventDate "2018.10.05"]
[EventType "swiss"]
[EventCountry "IND"]
[SourceTitle "playchess.com"]
[Source "ChessBase"]
[SourceQuality "1"]
[TimeControl "5400+30"]

1. d4 d5 2. c4 c6 3. Nf3 Nf6 4. Nc3 e6 5. e3 Nbd7 6. Bd3 dxc4 7. Bxc4 b5 8. Bd3 Bd6 9. O-O O-O 10. b3 Bb7 11. Bb2 a6 12. a4 Rc8 13. Rc1 Qe7 14. Qe2 Rfd8 15. Rfd1 h6 16. h3 e5 17. Bb1 exd4 18. Nxd4 g6 19. Nf3 b4 20. Ne4 Nxe4 21. Bxe4 Nc5 22. Bc2 a5 23. Nd4 Be5 24. f4 Bxd4 25. Bxd4 Ne6 26. Be5 c5 27. Qc4 Qh4 28. Be4 Bc6 29. Bd5 Bxd5 30. Qd4 Be4 31. Qxe4 Ng5 32. Qc2 Qg3 33. Rxd8+ Rxd8 34. fxg5 Qxe3+ 35. Kh1 Qxe5 36. gxh6 Kh7 37. Qf2 Rd7 38. Qh4 Rd4 39. Qf2 Rd7 40. Qh4 Qe3 41. Re1 Qxh6 42. Qf6 Qd2 43. Qh4+ Kg7 44. Re8 Qd1+ 45. Kh2 Qd6+ 46. Kh1 Qd1+ 47. Kh2 1/2-1/2

[Event "1st Gujarat GM Open 2018"]
[Site "Ahmedabad"]
[Date "2018.10.07"]
[Round "4"]
[White "Kunal, M.."]
[Black "Gukesh D"]
[Result "0-1"]
[ECO "A05"]
[WhiteElo "2270"]
[BlackElo "2456"]
[Annotator "ChessBase"]
[PlyCount "64"]
[EventDate "2018.10.05"]
[EventType "swiss"]
[EventCountry "IND"]
[SourceTitle "playchess.com"]
[Source "ChessBase"]
[SourceQuality "1"]
[TimeControl "5400+30"]

1. Nf3 Nf6 2. g3 g6 3. b3 Bg7 4. Bb2 O-O 5. Bg2 d6 6. d4 Nbd7 7. O-O Re8 8. a4 c6 9. a5 Qc7 10. c4 e5 11. dxe5 dxe5 12. b4 e4 13. Nd4 e3 14. f4 Ng4 15. Qc1 Ndf6 16. a6 Ne4 17. axb7 Bxb7 18. Nb3 Nd2 19. Bxg7 Nxb3 20. Qc2 Nxa1 21. Bxa1 f6 22. Bf3 Nf2 23. c5 Qf7 24. Na3 Ba6 25. Rxf2 exf2+ 26. Kxf2 Rad8 27. b5 cxb5 28. Qc3 b4 29. Qxb4 Qa2 30. Qb2 Qxb2 31. Bxb2 Bxe2 32. Bxf6 Bxf3 0-1

[Event "1st Gujarat GM Open 2018"]
[Site "Ahmedabad"]
[Date "2018.10.07"]
[Round "4"]
[White "Pranav Anand"]
[Black "Nikhil Magizhnan"]
[Result "0-1"]
[ECO "E46"]
[WhiteElo "2269"]
[BlackElo "2056"]
[Annotator "NA"]
[PlyCount "50"]
[EventDate "2018.10.05"]
[EventType "swiss"]
[EventCountry "IND"]
[SourceTitle "playchess.com"]
[Source "ChessBase"]
[SourceQuality "1"]
[TimeControl "5400+30"]

1. d4 Nf6 2. c4 e6 3. Nc3 Bb4 4. e3 O-O 5. Nge2 b6 6. f3 d5 7. cxd5 exd5 8. Ng3 c5 9. a3 cxd4 10. exd4 Bd6 11. Bd3 Nh5 12. Nxh5 Qh4+ 13. g3 Qxh5 14. Kf2 Nc6 15. Ne2 Re8 16. Bb5 Bd7 17. Bf4 Rxe2+ 18. Bxe2 Bxf4 19. gxf4 Qh4+ 20. Kg1 Qxf4 21. Rc1 Bh3 22. Rc3 Re8 23. Bf1 Qg5+ 24. Kf2 Qh4+ 25. Kg1 Re1 0-1

[Event "1st Gujarat GM Open 2018"]
[Site "Ahmedabad"]
[Date "2018.10.07"]
[Round "4"]
[White "Ziatdinov, Raset"]
[Black "Gandhi, Anish"]
[Result "0-1"]
[ECO "B95"]
[WhiteElo "2265"]
[BlackElo "2042"]
[Annotator "NA"]
[PlyCount "54"]
[EventDate "2018.10.05"]
[EventType "swiss"]
[EventCountry "IND"]
[SourceTitle "playchess.com"]
[Source "ChessBase"]
[SourceQuality "1"]
[TimeControl "5400+30"]

1. e4 c5 2. Nf3 d6 3. d4 cxd4 4. Nxd4 Nf6 5. Nc3 a6 6. Bg5 e6 7. Qe2 Be7 8. h4 b5 9. g4 b4 10. Nd1 Bb7 11. Bg2 Nc6 12. Nxc6 Bxc6 13. Bxf6 Bxf6 14. Qd2 Bxh4 15. Qxb4 Bg5 16. Qc3 Rc8 17. Qxg7 Bf6 18. Qh6 Bg5 19. Qh5 Qf6 20. Rh3 Bb5 21. Nc3 Bd2+ 22. Kxd2 Qxf2+ 23. Kc1 Qe1+ 24. Nd1 Be2 25. Rh1 Bd3 26. Qh3 Rxc2+ 27. Kb1 Qd2 0-1

[Event "1st Gujarat GM Open 2018"]
[Site "Ahmedabad"]
[Date "2018.10.07"]
[Round "4"]
[White "Ritviz, Parab"]
[Black "Jayachandra Srinivas Vellanki"]
[Result "1-0"]
[ECO "C13"]
[WhiteElo "2252"]
[BlackElo "2011"]
[Annotator "NA"]
[PlyCount "71"]
[EventDate "2018.10.05"]
[EventType "swiss"]
[EventCountry "IND"]
[SourceTitle "playchess.com"]
[Source "ChessBase"]
[SourceQuality "1"]
[TimeControl "5400+30"]

1. e4 e6 2. d4 d5 3. Nc3 Nf6 4. Bg5 Be7 5. e5 Nfd7 6. h4 Nc6 7. f4 Nb6 8. Nf3 Bd7 9. Qd2 h6 10. Bxe7 Qxe7 11. h5 O-O-O 12. a3 Kb8 13. g4 Rc8 14. b4 a5 15. Na2 a4 16. Bd3 Nc4 17. Bxc4 dxc4 18. Qe2 Na7 19. Qxc4 Bc6 20. Kf2 f6 21. Nc3 b5 22. Qc5 Qf7 23. exf6 Qxf6 24. Qe5 Qxe5 25. dxe5 Bxf3 26. Kxf3 c5 27. bxc5 Rxc5 28. Ne4 Rxc2 29. Rhd1 Rhc8 30. Rab1 Ra2 31. Rd3 Rcc2 32. f5 exf5 33. gxf5 Rh2 34. e6 Rxh5 35. Ng3 Rhh2 36. e7 1-0

[Event "1st Gujarat GM Open 2018"]
[Site "Ahmedabad"]
[Date "2018.10.07"]
[Round "4"]
[White "Ahmed, Sk. Nasir"]
[Black "Shiva Pavan Teja Sharma U"]
[Result "1/2-1/2"]
[ECO "B10"]
[WhiteElo "2234"]
[BlackElo "2005"]
[Annotator "NA"]
[PlyCount "106"]
[EventDate "2018.10.05"]
[EventType "swiss"]
[EventCountry "IND"]
[SourceTitle "playchess.com"]
[Source "ChessBase"]
[SourceQuality "1"]
[TimeControl "5400+30"]

1. e4 c6 2. c4 d5 3. exd5 cxd5 4. cxd5 Nf6 5. Nf3 Nxd5 6. Bc4 e6 7. O-O Be7 8. Nc3 O-O 9. d4 Nxc3 10. bxc3 Qc7 11. Qd3 Nd7 12. Bb3 b6 13. Re1 Bb7 14. Bd2 Rac8 15. Bc2 g6 16. Bb3 Bd6 17. h3 Bf4 18. Bxf4 Qxf4 19. Ne5 Nxe5 20. Rxe5 Rfd8 21. Rae1 Rc7 22. g3 Qf3 23. Qxf3 Bxf3 24. R1e3 Bb7 25. g4 Kg7 26. f4 Rdc8 27. c4 Rd8 28. d5 exd5 29. cxd5 Rcd7 30. Re7 Bxd5 31. Bxd5 Rxd5 32. Rxa7 Rd4 33. f5 gxf5 34. Ree7 Rf8 35. gxf5 Rd5 36. Reb7 Rxf5 37. Rxb6 Rc8 38. Rb2 Rc3 39. Rg2+ Kh6 40. Rf2 Rxf2 41. Kxf2 Rxh3 42. Rxf7 Rh2+ 43. Kg3 Rxa2 44. Rf5 Kg6 45. Rb5 Ra6 46. Kg4 h5+ 47. Kh4 Ra4+ 48. Kh3 Ra3+ 49. Kh4 Ra4+ 50. Kh3 Re4 51. Ra5 Rf4 52. Rb5 Rf5 53. Rxf5 Kxf5 1/2-1/2